 Dungeon Crawl Stone Soup version 0.32-a0-818-gb728d0252e (webtiles) character file.

Game seed: 355583153724356620

448 smashvw the Poker (level 7, -3/54 HPs)
             Began as a Merfolk Gladiator on Mar 23, 2024.
             Was a Follower of Okawaru.
             Killed by nerve-wracking pain
             ... invoked by an orc priest
              (11 damage)
             ... on level 5 of the Dungeon.
             The game lasted 00:08:27 (3560 turns).

smashvw the Poker (Merfolk Gladiator)               Turns: 3560, Time: 00:08:28

Health: -3/54      AC:  4    Str: 16    XL:     7   Next: 3%
Magic:  7/7        EV: 13    Int:  8    God:    Okawaru [*.....]
Gold:   144        SH:  0    Dex: 15    Spells: 6/6 levels left

rFire   . . .        a - +0 trident
rCold   . . .        (no shield)
rNeg    . . .        b - +0 leather armour
rPois   .            c - +0 helmet
rElec   .            (no cloak)
rCorr   .            (no gloves)
SInv    .            (no boots)
Will    .....        (no amulet)
Stlth   +            (no ring)
HPRegen 0.29/turn    (no ring)
MPRegen 0.10/turn

%: no passive effects
@: no status effects
A: (nimble swimmer 2), mertail
a: Renounce Religion, Heroism


You were on level 5 of the Dungeon.
You worshipped Okawaru.
Okawaru was aware of your devotion.
You visited 2 branches of the dungeon, and saw 6 of its levels.

You collected 180 gold pieces.
You spent 36 gold pieces at shops.

Inventory:

Hand Weapons
 a - a +0 trident (weapon)
 v - a +0 glaive
Missiles
 d - 3 throwing nets
 e - a javelin
 z - 2 boomerangs (quivered)
 B - 5 atropa-tipped darts
Armour
 b - a +0 leather armour (worn)
 c - a +0 helmet (worn)
 p - the +0 tower shield "Dafiorr" {rPois rF+ rC+ Int-5}
   (You found it on level 2 of the Dungeon)

   Int-5:     It affects your intelligence (-5).
   rF+:       It protects you from fire.
   rC+:       It protects you from cold.
   rPois:     It protects you from poison.
Jewellery
 q - a ring of wizardry
Wands
 y - a wand of flame (4)
Scrolls
 g - a scroll of revelation {unknown}
 h - a scroll of enchant weapon {unknown}
 i - a scroll of poison {unknown}
 k - 5 scrolls of identify {unknown}
 s - a scroll of brand weapon {unknown}
 t - 4 scrolls of teleportation
 u - a scroll of amnesia {unknown}
 x - a scroll of fog {unknown}
 A - a scroll of blinking {unknown}
Potions
 f - 2 potions of haste {unknown}
 j - a potion of cancellation {unknown}
 l - a potion of heal wounds
 m - a potion of lignification {unknown}
 n - a potion of degeneration {unknown}
 o - 2 potions of enlightenment {unknown}
 r - a potion of curing {unknown}
 w - a potion of mutation {unknown}


   Skills:
 + Level 4.2 Fighting
 * Level 7.2 Polearms
 + Level 2.7 Throwing
 + Level 5.9 Dodging
 + Level 1.3 Shields


You had 6 spell levels left.
You didn't know any spells.
Your spell library contained the following spells:

 Spells                   Type           Power      Damage    Failure   Level
 Sandblast                Erth           0%         2d4       47%         1
 Stone Arrow              Conj/Erth      0%         3d7       85%         3
 Brom's Barrelling Bould  Conj/Erth      0%         2d3       99%         4


Dungeon Overview and Level Annotations

Branches:
Dungeon (5/15)             Temple (1/1) D:4

Altars:
Ashenzari
Cheibriados
Elyvilon
Fedhas
Gozag
Hepliaklqana
Kikubaaqudgha
Okawaru
Sif Muna
Uskayaw
Vehumet
Wu Jian
Xom
Yredelemnul
Zin

Shops:
D:3 ?

Annotations:
D:3 1 runed translucent door, hattop's ghost, amateur FeSh


Innate Abilities, Weirdness & Mutations

((You are very nimble when in or above water. (Stealth+, EV+, Speed+++)))
Your lower body shifts to a powerful aquatic tail in water.


Message History

The orc priest hits you with a +0 hand axe.
The orc priest hits you with a +0 mace.
You are too injured to fight recklessly!
You are too injured to fight recklessly!
You are too injured to fight recklessly!
You are too injured to fight recklessly!
Okay, then.
The orc attacks as it pursues you! The orc completely misses you.
The orc priest hits you with a +0 mace. The orc attacks as it pursues you!
The orc hits you but does no damage. The orc attacks as it pursues you!
The orc hits you but does no damage.
You hit the orc.
The orc is heavily wounded.
The orc hits you with a +0 short sword.
You puncture the orc!
You kill the orc!
Okawaru accepts your kill.
You barely miss the orc priest.
The orc priest is moderately wounded.
The orc priest closely misses you.
You completely miss the orc priest.
The orc priest is moderately wounded.
The orc priest hits you with a +0 mace.
You barely miss the orc priest.
The orc priest is moderately wounded.
You hit the orc priest.
The orc priest is heavily wounded.
The orc priest invokes the aid of Beogh against you.
Pain shoots through your body!
You hit the orc priest.
The orc priest is heavily wounded.
The orc priest calls down the wrath of Beogh upon you.
Pain shoots through your body!
* * * LOW HITPOINT WARNING * * *
The orc priest looks satisfied for a moment.
You hit the orc priest.
The orc priest is almost dead.
The orc priest invokes the aid of Beogh against you.
Pain shoots through your body!
You die...

....###..#
###.# ...##
##..#
##..## ...#
#..####..##
##..#...##
##......##
#......##
....###..#
..# ##.####
. ##oo@#
#.o###
##.## #..#
##.## #.o#
#..## #..#
...#


You could see 2 orc priests and an orc.

Vanquished Creatures
  Menkaure (D:4)
  A bombardier beetle (D:3)
  4 hounds
  2 iguanas
  7 adders
  2 ufetubi (D:5)
  A ribbon worm (D:3)
  3 dart slugs
  6 orcs
  6 ball pythons
  4 bats
  3 endoplasms
  A giant cockroach (D:2)
  7 goblins
  3 hobgoblins
  5 kobolds
  3 frilled lizards
  2 rats
61 creatures vanquished.

Notes
Turn   | Place    | Note
-------+----------+-------------------------------------------
     0 | D:1      | smashvw the Merfolk Gladiator began the quest for the Orb.
     0 | D:1      | Reached XP level 1. HP: 16/16 MP: 1/1
   100 | D:1      | Reached XP level 2. HP: 23/23 MP: 2/2
   173 | D:1      | Found a faded altar of an unknown god.
   282 | D:2      | Found an ornate altar of the Wu Jian Council.
   456 | D:2      | Reached XP level 3. HP: 8/28 MP: 3/3
   908 | D:2      | Reached skill level 5 in Polearms
   973 | D:2      | Identified the +0 tower shield "Dafiorr" {rPois rF+ rC+
                  | Int-5}
  1254 | D:3      | Noticed hattop's ghost (amateur FeSh)
  1261 | D:3      | Found a runed translucent door.
  1293 | D:3      | Reached XP level 4. HP: 33/35 MP: 4/4
  1411 | D:3      | Reached skill level 5 in Dodging
  1882 | D:3      | Reached XP level 5. HP: 41/41 MP: 5/5
  2003 | D:3      | Found Rihin's Magic Scroll Shop.
  2006 | D:3      | Bought a scroll of teleportation for 36 gold pieces
  2099 | D:4      | Reached skill level 6 in Polearms
  2317 | D:4      | Found a staircase to the Ecumenical Temple.
  2346 | Temple   | Entered the Ecumenical Temple
  2364 | Temple   | Became a worshipper of Warmaster Okawaru
  2780 | D:4      | Noticed Menkaure
  2790 | D:4      | Killed Menkaure
  2791 | D:4      | Reached XP level 6. HP: 13/48 MP: 6/6
  3113 | D:5      | Entered Level 5 of the Dungeon
  3125 | D:5      | Reached skill level 1 in Shields
  3150 | D:5      | Reached skill level 7 in Polearms
  3468 | D:5      | Reached * piety under Okawaru
  3469 | D:5      | Reached XP level 7. HP: 50/54 MP: 7/7
  3560 | D:5      | Killed from afar by an orc priest

Illustrated notes

Levels and vault maps discovered:
D:1:      dpeg_arrival_leaves_temple_mockup, layout_rooms,
          hellmonk_ecumenical_altar_heavens_door, nrook_mini_backslash
D:2:      layout_loops_ring, basic_altar, minmay_puff
D:3:      layout_basic, hellmonk_ghost_happy_afterlife, serial_shops,
          nicolae_shop_rolled_up, minmay_misc_feat_encased
D:4:      layout_basic, minmay_temple_entry_mist, uniq_menkaure
D:5:      black_bear_nest_1, layout_layer_cave, serial_shops, shop
Temple:   bh_familiar_temple

Skill      XL: |  1  2  3  4  5  6 |
---------------+-------------------+-----
Polearms       | 5 6 7 |  7.2
Fighting       | 3 4 |  4.2
Dodging        | 5 |  5.9
Shields        | 1 |  1.3
Throwing       | |  2.7

Action                     |  1- 3 |  4- 6 |  7- 9 || total
---------------------------+-------+-------+-------++-------
  Melee: Trident           |    90 |    99 |    19 ||   208
         Glaive            |       |    52 |       ||    52
  Throw: Boomerang         |       |     6 |       ||     6
    Use: Scroll            |       |     1 |       ||     1
         Potion            |       |     1 |       ||     1
   Stab: Sleeping          |     3 |       |       ||     3
 Armour: Leather armour    |    35 |    96 |    14 ||   145
  Dodge: Dodged            |    40 |   162 |    15 ||   217

Table legend: (Time is in decaauts)
 A = Elapsed time spent in this place.
 B = Non-inter-level travel time spent in this place.
 C = Inter-level travel time spent in this place.
 D = Time resting spent in this place.
 E = Time spent auto-exploring this place.
 F = Levels seen in this place.
 G = Mean time per level.
                   A        B        C        D        E       F      G
               +--------+--------+--------+--------+--------+-----+--------+
         Total |   3580 |   3418 |    162 |    144 |   2702 |   6 |  596.7 |
       Dungeon |   3544 |   3415 |    129 |    144 |   2702 |   5 |  708.8 |
        Temple |     35 |      2 |     33 |      0 |      0 |   1 |   35.0 |
               +--------+--------+--------+--------+--------+-----+--------+

Top non-repeatable levels by time:
     D:4: 1050 daAuts
     D:3: 967 daAuts
     D:2: 816 daAuts
     D:5: 443 daAuts
     D:1: 268 daAuts
  Temple: 35 daAuts
